 Dungeon Crawl Stone Soup version 0.22-a0-756-gc33bbe721d (webtiles) character file.

51449 Chiseanne the Thaumaturge (level 14, -3/110 HPs)
             Began as a Demonspawn Wanderer on July 16, 2018.
             Was a High Priest of Vehumet.
             Slain by Snorg (22 damage)
             ... on level 5 of the Lair of Beasts.
             The game lasted 01:38:15 (21822 turns).

Chiseanne the Thaumaturge (Demonspawn Wanderer)    Turns: 21822, Time: 01:38:16

Health: -3/110     AC: 16    Str: 16    XL:     14   Next: 23%
Magic:  0/29       EV: 15    Int: 21    God:    Vehumet [*****.]
Gold:   621        SH:  9    Dex: 14    Spells: 5/36 levels left

rFire    x . .     SeeInvis .   W - +1 flail of Fate {venom, +Blink rF- rC+++ Str+3} (curse)
rCold    + + +     Gourm    .   r - +0 buckler
rNeg     . . .     Faith    .   E - +1 troll leather armour
rPois    .         Spirit   +   (helmet unavailable)
rElec    .         Reflect  +   O - +2 cloak {MR+}
rCorr    .         Harm     .   H - +2 pair of gloves
MR       ++...                  b - +1 pair of boots {Stlth+}
Stlth    +++.......             P - +4 amulet of reflection
HPRegen  0.68/turn              k - +4 ring of intelligence
MPRegen  0.42/turn              V - -3 ring of evasion (curse)

@: lethally poisoned (-3 -> -30), about to teleport
A: horns 3, molten scales 1, powered by pain 3, magic shield, magic regeneration
a: Renounce Religion, Evoke Blink


You were on level 5 of the Lair of Beasts.
You worshipped Vehumet.
Vehumet was extremely pleased with you.
You were full.

You visited 5 branches of the dungeon, and saw 23 of its levels.
You also visited: Labyrinth and Bailey.

You collected 2183 gold pieces.
You spent 1562 gold pieces at shops.

Inventory:

Hand Weapons
 a - a +7 quarterstaff of venom
 s - a +4 scimitar of freezing
 w - a +0 blowgun
 T - the +11 hand axe of Anguish {flame, rF- MR++ Int+9 Stlth-}
   (You found it in a labyrinth)

   It has been specially enchanted to burn those struck by it, causing extra
   injury to most foes and up to half again as much damage against particularly
   susceptible opponents.
   Big, fiery blades are also staple armaments of hydra-hunters.
   It affects your intelligence (+9).
   It makes you vulnerable to fire.
   It affects your resistance to hostile enchantments.
   It makes you less stealthy.
 W - the cursed +1 flail of Fate (weapon) {venom, +Blink rF- rC+++ Str+3}
   (You found it on level 3 of the Lair of Beasts)

   It poisons the flesh of those it strikes.
   It affects your strength (+3).
   It makes you vulnerable to fire.
   It renders you almost immune to cold.
   It lets you blink.
   It has a curse placed upon it.
Missiles
 n - 40 poisoned needles
 R - 5 curare-tipped needles
Armour
 b - a +1 pair of boots of stealth (worn)
 l - a scarf of repulsion
 r - a +0 buckler (worn)
 C - a +2 robe of magic resistance
 E - a +1 troll leather armour (worn)
 H - a +2 pair of gloves (worn)
 O - a +2 cloak of magic resistance (worn)
Magical Staves
 A - an uncursed staff of power
 X - an uncursed staff of wizardry
Jewellery
 d - an uncursed amulet of faith
 h - a +5 ring of dexterity {unknown}
 k - a +4 ring of intelligence (left hand)
 q - an uncursed amulet of regeneration
 v - an uncursed ring of ice
 L - an uncursed ring of resist corrosion
 P - a +4 amulet of reflection (around neck)
 V - a cursed -3 ring of evasion (right hand)
 Z - an uncursed ring of positive energy
Wands
 t - a wand of iceblast (7)
 B - a wand of digging (26)
 S - a wand of paralysis (12)
Scrolls
 D - 6 scrolls of teleportation
 J - 2 scrolls of blinking
 U - 2 scrolls of fear
 Y - a scroll of fog
Potions
 e - a potion of berserk rage
 g - 11 potions of curing
 j - 3 potions of magic
 m - 3 potions of brilliance
 o - a potion of lignification
 p - 3 potions of invisibility
 x - a potion of resistance
 y - 6 potions of flight
 z - 3 potions of agility
 F - 2 potions of cancellation
 G - 2 potions of haste
 K - a potion of ambrosia
 M - 2 potions of mutation
 N - 4 potions of heal wounds
 Q - a potion of might
Miscellaneous
 i - a phial of floods
Comestibles
 f - 28 rations


   Skills:
 - Level 10.1 Fighting
 - Level 5.8 Armour
 - Level 10.1 Dodging
 - Level 1.7 Stealth
 - Level 5.1 Shields
 * Level 11.8 Spellcasting
 * Level 1.0 Conjurations
 - Level 2.0 Translocations
 - Level 11.4 Fire Magic
 - Level 5.9 Poison Magic


You had 5 spell levels left.
You knew the following spells:

 Your Spells              Type           Power        Failure   Level  Hunger
a - Ignite Poison         Fire/Tmut/Pois #####...     1%          3    None
b - Mephitic Cloud        Conj/Pois/Air  ###.....     2%          3    None
c - Olgreb's Toxic Radia  Pois           #####...     1%          4    #......
d - Fireball              Conj/Fire      #####.....   4%          5    ####...
e - Dazzling Spray        Conj/Hex       ##....       4%          3    None
f - Sticky Flame          Conj/Fire      #####...     1%          4    #......
g - Poisonous Vapours     Pois/Air       ###...       2%          2    None
h - Bolt of Fire          Conj/Fire      #####.....   19%         6    ######.
i - Apportation           Tloc           ###...       2%          1    None

Your spell library contained the following spells:

 Spells                   Type           Power        Failure   Level  Hunger
 Confuse                  Hex            ##......     19%         3    None
 Throw Frost              Conj/Ice       ##....       2%          2    None
 Ring of Flames           Chrm/Fire      #####.....   99%         7    #######
 Death's Door             Chrm/Necr      ##........   100%        8    #######
 Summon Small Mammal      Summ           ##..         6%          1    None
 Animate Skeleton         Necr           N/A          6%          1    None
 Haunt                    Necr/Summ      ##........   100%        7    #######
 Borgnjor's Revivificati  Necr           ##........   100%        8    #######
 Freeze                   Ice            ##..         1%          1    None
 Summon Ice Beast         Ice/Summ       ##......     54%         4    #......
 Ozocubu's Armour         Chrm/Ice       ##......     19%         3    None
 Dispel Undead            Necr           ##......     87%         5    ####...
 Sublimation of Blood     Necr           ##........   10%         2    None
 Tukima's Dance           Hex            ##......     19%         3    None
 Agony                    Necr           ##......     87%         5    ####...
 Spider Form              Tmut/Pois      ###.......   5%          3    None
 Blade Hands              Tmut           ##........   87%         5    ####...
 Statue Form              Tmut/Erth      ##.......    100%        6    ######.
 Ice Form                 Ice/Tmut       ##......     54%         4    #......
 Dragon Form              Tmut           ##........   100%        7    #######
 Necromutation            Tmut/Necr      ##........   100%        8    #######
 Throw Icicle             Conj/Ice       ##......     13%         4    #......
 Confusing Touch          Hex            ##....       6%          1    None
 Flame Tongue             Conj/Fire      #####        1%          1    None
 Sticks to Snakes         Tmut           ##......     10%         2    None
 Ensorcelled Hibernation  Hex/Ice        ##....       10%         2    None
 Metabolic Englaciation   Hex/Ice        ##........   87%         5    ####...
 Corona                   Hex            ##.....      6%          1    None
 Alistair's Intoxication  Tmut/Pois      ###.....     45%         5    ####...
 Excruciating Wounds      Chrm/Necr      ##........   87%         5    ####...
 Petrify                  Tmut/Erth      ##......     54%         4    #......
 Beastly Appendage        Tmut           ##....       6%          1    None
 Hydra Form               Tmut           ##........   100%        6    ######.
 Irradiate                Conj/Tmut      ##........   34%         5    ####...
 Gell's Gravitas          Tloc           ###.......   9%          3    None
 Yara's Violent Unravell  Hex/Tmut       ##........   41%         5    ####...
 Infestation              Necr           ##........   100%        8    #######
 Ignition                 Fire           ######....   65%         8    #######


Dungeon Overview and Level Annotations

Branches:
Dungeon (13/15)            Temple (1/1) D:7            Lair (6/6) D:10
 Shoals (0/4) Lair:3       Spider (0/4) Lair:2        Slime (0/5) Lair:5
    Orc (2/2) D:12            Elf (1/3) Orc:2        Vaults (0/5) D:13

Altars:
Ashenzari
Cheibriados
Dithmenos
Elyvilon
Fedhas
Gozag
Hepliaklqana
Kikubaaqudgha
Makhleb
Nemelex Xobeh
Okawaru
Qazlal
Ru
Sif Muna
Trog
Uskayaw
Vehumet
Wu Jian
Xom
Yredelemnul
Zin
The Shining One
Jiyva

Shops:
D:7 [*:([   D:12 (   Orc:2 ![!!

Annotations:
D:10 4 runed doors
D:13 Rupert
Lair:5 Snorg


Innate Abilities, Weirdness & Mutations

You have a pair of large horns on your head.
You are partially covered in molten scales. (AC +2)
You are powered by pain.
When hurt, damage is shared between your health and your magic reserves.
You regenerate magic rapidly.


Message History

The black mamba bites you.
Casting: Bolt of Fire (quite dangerous; 19% risk of failure)
Confirm with . or Enter, or press ? or * to list all spells.
You don't have enough magic to cast that spell.
Unknown command.
Unknown command.
As you read the scroll of fear, it crumbles to dust.
You assume a fearsome visage.
The black mamba looks frightened!
You feel very sick.
As you read the scroll of teleportation, it crumbles to dust.
You feel strangely unstable.
You feel very sick. Snorg bites you.
* * * LOW HITPOINT WARNING * * *
Snorg closely misses you. Snorg claws you.
* * * LOW HITPOINT WARNING * * *
* * * LOW HITPOINT WARNING * * *
You feel very sick.
The black mamba bites the fungus!!
Snorg bites you!!
You die...

.......### ##.............##
........# ##.........##.#
.......## #PP.....#######
......## #...####.# .....##
##...########### ....##
#...###..P..#P.### P..##
###.....#..........# #P##
#.#................# ###
####....@..........###
###.P......T....."...##
###....P#.#............(#
#####.#......####...†......##
.##......PP### ##.>........#
....##P..P## ##.........#
..#####...# #SP.......#
.#.##.P...## ####...#.###
........P>.## ######..#


You could see Snorg (berserk) and a black mamba (fleeing).

Vanquished Creatures
  A minotaur (Lab)
  Josephine (Lair:4)
  3 hydras
  A death knight (D:10)
  7 two-headed ogres
  6 orc high priests (Orc:2)
  An unseen horror (D:12)
  13 orc knights
  2 necromancers (D:13)
  An orc sorcerer (Orc:2)
  2 cyclopes
  3 oklob plants (Lair:2)
  4 black mambas
  Psyche (D:8)
  8 spiny frogs
  6 komodo dragons
  A freezing wraith (D:10)
  8 trolls
  A blink frog (Lair:2)
  5 hippogriffs
  A meliai zombie (D:11)
  A spriggan (D:7)
  6 wraiths
  3 wyverns
  A water elemental (D:11)
  22 yaks
  2 basilisks
  2 hogs (D:11)
  3 hungry ghosts (D:7)
  2 vampire mosquitoes (D:13)
  6 wargs
  7 water moccasins
  5 porcupines
  8 black bears
  2 ice beasts
  A soldier ant (D:11)
  39 orc warriors
  5 sky beasts
  3 wolves (Lair:1)
  A phantom (D:9)
  11 ogres
  12 centaurs
  8 crocodiles
  6 big kobolds
  10 bullfrogs
  A water moccasin zombie (D:9)
  A wyvern zombie (D:9)
  A wyvern skeleton (D:8)
  A scorpion (D:7)
  5 killer bees (D:7)
  A troll skeleton (Lab)
  8 wights
  7 howler monkeys
  A spriggan skeleton (Lab)
  3 electric eels (D:11)
  3 crimson imps
  A centaur zombie (D:6)
  A quasit (D:12)
  8 hounds
  35 orc priests
  18 orc wizards
  Crazy Yiuf (D:7)
  2 jellies
  A bullfrog skeleton (D:5)
  A bullfrog zombie (D:3)
  2 gnoll shamans (D:11)
  4 centaur skeletons
  11 iguanas
  6 hell rats (Lair:5)
  5 worker ants
  2 hound zombies
  2 hound skeletons
  A worker ant zombie (D:8)
  2 gnolls (Bailey)
  12 adders
  2 shadow imps (D:9)
  An ooze (D:6)
  An adder zombie (D:9)
  3 dart slugs
  6 leopard geckos
  103 orcs
  A ball python (D:3)
  4 bats
  6 giant cockroaches
  17 goblins
  13 hobgoblins
  9 jackals
  4 quokkas
  3 frilled lizards
  34 kobolds
  A quokka skeleton (D:6)
  5 rats
  3 plants (Lair:2)
605 creatures vanquished.

Vanquished Creatures (others)
  An orc sorcerer (Orc:1)
  2 orcs (Orc:1)
  A kobold (Bailey)
  2 fungi (Lair:4)
  11 plants
17 creatures vanquished.

Grand Total: 622 creatures vanquished

Notes
Turn   | Place    | Note
-------+----------+-------------------------------------------
     0 | D:1      | Chiseanne the Demonspawn Wanderer began the quest for the Orb.
     0 | D:1      | Chiseanne set off with: a +2 dagger, a potion of heal wounds, a +0 short sword, a +0 robe, a ration
     0 | D:1      | Reached XP level 1. HP: 16/16 MP: 2/2
   473 | D:1      | Gained mutation: You sometimes gain a little power by taking damage. [demonic ancestry]
   473 | D:1      | Reached XP level 2. HP: 23/23 MP: 3/3
   978 | D:2      | Gained mutation: You have a pair of small horns on your head. [demonic ancestry]
   978 | D:2      | Reached XP level 3. HP: 25/28 MP: 4/4
  1028 | D:2      | Gained mutation: You are partially covered in molten scales. (AC +2) [demonic ancestry]
  1028 | D:2      | Reached XP level 4. HP: 31/35 MP: 5/5
  1101 | D:2      | Found a blossoming altar of Fedhas.
  1468 | D:2      | Found a sacrificial altar of Ru.
  1469 | D:2      | Found a snail-covered altar of Cheibriados.
  1781 | D:3      | Found a white marble altar of Elyvilon.
  1817 | D:3      | Found a hide-covered altar of Uskayaw.
  1876 | D:3      | Found a hazy altar of Hepliaklqana.
  1879 | D:3      | Found a bloodstained altar of Trog.
  1882 | D:3      | Found a stormy altar of Qazlal.
  1885 | D:3      | Found an ancient bone altar of Kikubaaqudgha.
  1942 | D:3      | Reached XP level 5. HP: 42/42 MP: 6/6
  1973 | D:3      | Reached skill level 1 in Armour
  2709 | D:4      | Found a bloodstained altar of Trog.
  2863 | D:5      | Entered Level 5 of the Dungeon
  3054 | D:5      | Gained mutation: When hurt, damage is shared between your health and your magic reserves. [demonic ancestry]
  3054 | D:5      | Reached XP level 6. HP: 40/49 MP: 7/7
  3596 | D:5      | Noticed a sky beast
  3630 | D:5      | Killed a sky beast
  3630 | D:5      | Reached skill level 5 in Fighting
  3630 | D:5      | Gained mutation: You sometimes gain power by taking damage. [demonic ancestry]
  3630 | D:5      | Reached XP level 7. HP: 37/56 MP: 5/8
  5394 | D:6      | Reached skill level 5 in Dodging
  5487 | D:6      | Reached XP level 8. HP: 62/64 MP: 7/9
  5497 | D:6      | Found a sparkling altar of Nemelex Xobeh.
  5973 | D:7      | Found a staircase to the Ecumenical Temple.
  5980 | D:7      | Found Letyrgh's Book Shoppe.
  6066 | D:7      | Found Udet's Antique Armour Shop.
  6206 | D:7      | Found Bimucig's Weapon Shop.
  6603 | D:7      | Found Gykiefizog's General Store.
  6835 | D:7      | Reached skill level 5 in Armour
  7231 | D:7      | Found Lianoxtu's Armour Shop.
  7249 | D:7      | Found a basalt altar of Yredelemnul.
  7336 | D:7      | Found a runed door.
  7438 | D:7      | Reached XP level 9. HP: 60/72 MP: 7/10
  7618 | D:7      | Noticed Crazy Yiuf
  7628 | D:7      | Killed Crazy Yiuf
  7814 | D:8      | Learned a level 3 spell: Ignite Poison
  7829 | D:8      | Found a shattered altar of Ashenzari.
  8424 | D:8      | Noticed a two-headed ogre
  8447 | D:8      | Killed a two-headed ogre
  8985 | D:8      | Noticed Psyche
  9001 | D:8      | Killed Psyche
  9001 | D:8      | Gained mutation: You regenerate magic rapidly. [demonic ancestry]
  9001 | D:8      | Reached XP level 10. HP: 77/82 MP: 14/16
  9942 | D:9      | Reached skill level 5 in Spellcasting
 10049 | D:9      | Found a white marble altar of Elyvilon.
 10051 | D:9      | Found a snail-covered altar of Cheibriados.
 10051 | D:9      | Found a sacrificial altar of Ru.
 10055 | D:9      | Found a white marble altar of Elyvilon.
 10055 | D:9      | Found an opulent altar of Gozag.
 10055 | D:9      | Found a shimmering altar of Xom.
 10265 | Temple   | Entered the Ecumenical Temple
 10309 | Temple   | Became a worshipper of Vehumet
 10435 | D:10     | Entered Level 10 of the Dungeon
 10473 | D:10     | Got a polished long sword
 10497 | D:10     | Noticed a death knight
 10497 | D:10     | Noticed a phantasmal warrior
 10854 | D:10     | Killed a death knight
 10876 | D:10     | Found a runed door.
 10914 | D:10     | Noticed a two-headed ogre
 10926 | D:10     | Killed a two-headed ogre
 10926 | D:10     | Reached skill level 10 in Fighting
 11030 | D:10     | Found a runed door.
 11046 | D:10     | Found a runed door.
 11057 | D:10     | Found a runed door.
 11220 | D:10     | Found a staircase to the Lair.
 11448 | D:10     | Reached skill level 1 in Poison Magic
 11448 | D:10     | Gained mutation: You have a pair of horns on your head. [demonic ancestry]
 11448 | D:10     | Reached XP level 11. HP: 74/90 MP: 12/20
 11541 | D:10     | You fall through a shaft for 3 floors!
 11570 | D:13     | Noticed a two-headed ogre
 11570 | D:13     | Noticed a necromancer
 11577 | D:13     | Killed a necromancer
 11584 | D:13     | Killed a two-headed ogre
 11594 | D:13     | Found a gate to the Vaults.
 11594 | D:13     | Noticed a necromancer
 11603 | D:13     | Killed a necromancer
 11603 | D:13     | Reached * piety under Vehumet
 11603 | D:13     | Offered knowledge of Sandblast by Vehumet.
 11677 | D:13     | Noticed Rupert
 11678 | D:13     | Paralysed by Rupert for 2 turns
 11720 | D:13     | Found a labyrinth entrance.
 11729 | Lab      | Entered a labyrinth
 12531 | Lab      | Noticed a minotaur
 12544 | Lab      | Killed a minotaur
 12560 | Lab      | Got an ebony hand axe
 12694 | D:12     | Found Narghus's Antique Weapon Shop.
 12752 | D:12     | Learned a level 5 spell: Fireball
 12878 | D:12     | Killed an unseen horror
 12878 | D:12     | Reached skill level 10 in Dodging
 12959 | D:12     | Noticed a two-headed ogre
 12963 | D:12     | Killed a two-headed ogre
 12963 | D:12     | Reached skill level 5 in Fire Magic
 13060 | D:12     | Found a staircase to the Orcish Mines.
 13219 | D:11     | Reached skill level 5 in Poison Magic
 13243 | D:11     | Noticed a two-headed ogre
 13246 | D:11     | Killed a two-headed ogre
 13374 | D:11     | Learned a level 1 spell: Apportation
 13465 | D:11     | Identified the +0 long sword of Wyrd {holy, rElec Int+2 Dex+6 SInv} (You found it on level 10 of the Dungeon)
 13508 | D:11     | Noticed a two-headed ogre
 13514 | D:11     | Offered knowledge of Magic Dart by Vehumet.
 13518 | D:11     | Reached ** piety under Vehumet
 13525 | D:11     | Killed a two-headed ogre
 13530 | D:11     | Reached XP level 12. HP: 82/97 MP: 12/22
 14083 | D:11     | Found a white marble altar of Elyvilon.
 14248 | D:11     | Offered knowledge of Conjure Flame by Vehumet.
 14264 | D:11     | Reached skill level 1 in Translocations
 14902 | Orc:1    | Entered Level 1 of the Orcish Mines
 14939 | Orc:1    | Found a flagged portal.
 14957 | Orc:1    | Reached *** piety under Vehumet
 14968 | Bailey   | Entered a bailey
 14973 | Bailey   | Learned a level 3 spell: Dazzling Spray
 15039 | Bailey   | Offered knowledge of Airstrike by Vehumet.
 15115 | Bailey   | Identified the Guide on Dark Poison
 15121 | Bailey   | Learned a level 3 spell: Mephitic Cloud
 15124 | Bailey   | Learned a level 2 spell: Poisonous Vapours
 15149 | Bailey   | Identified the +11 hand axe of Anguish {flame, rF- MR++ Int+9 Stlth-} (You found it in a labyrinth)
 15304 | Orc:1    | Reached **** piety under Vehumet
 15412 | Orc:1    | Paralysed by an orc sorcerer for 5 turns
 15428 | Orc:1    | Offered knowledge of Olgreb's Toxic Radiance by Vehumet.
 15434 | Orc:1    | Learned a level 4 spell: Olgreb's Toxic Radiance
 15915 | Orc:1    | Noticed a two-headed ogre
 15927 | Orc:1    | Killed a two-headed ogre
 16040 | Orc:1    | Learned a level 6 spell: Bolt of Fire
 16046 | Orc:2    | Entered Level 2 of the Orcish Mines
 16146 | Orc:2    | Noticed an orc high priest
 16153 | Orc:2    | Killed an orc high priest
 16204 | Orc:2    | Reached ***** piety under Vehumet
 16204 | Orc:2    | Offered knowledge of Lee's Rapid Deconstruction by Vehumet.
 16223 | Orc:2    | Found a staircase to the Elven Halls.
 16470 | Orc:2    | Gained mutation: You have a pair of large horns on your head. [demonic ancestry]
 16470 | Orc:2    | Reached XP level 13. HP: 81/103 MP: 26/26
 16627 | Orc:2    | Reached skill level 10 in Spellcasting
 16748 | Orc:2    | Reached skill level 10 in Fire Magic
 16758 | Orc:2    | Offered knowledge of Sticky Flame by Vehumet.
 16862 | Orc:2    | Found Zuohos's Distillery.
 16862 | Orc:2    | Found Iddeitad's Distillery.
 16863 | Orc:2    | Found Odit's Distillery.
 16863 | Orc:2    | Found Paug's Armour Emporium.
 16875 | Orc:2    | Bought a +0 pair of boots of stealth for 138 gold pieces
 16881 | Orc:2    | Bought a potion of flight for 36 gold pieces
 16881 | Orc:2    | Bought a potion of berserk rage for 60 gold pieces
 16884 | Orc:2    | Bought a potion of resistance for 130 gold pieces
 16884 | Orc:2    | Bought a potion of ambrosia for 104 gold pieces
 16884 | Orc:2    | Bought a potion of agility for 52 gold pieces
 16885 | Orc:2    | Bought a potion of invisibility for 112 gold pieces
 16885 | Orc:2    | Bought a potion of mutation for 112 gold pieces
 16885 | Orc:2    | Bought 2 potions of curing for 84 gold pieces
 16885 | Orc:2    | Bought a potion of curing for 42 gold pieces
 16887 | Orc:2    | Bought a potion of heal wounds for 65 gold pieces
 16887 | Orc:2    | Bought a potion of might for 52 gold pieces
 16887 | Orc:2    | Bought a potion of curing for 39 gold pieces
 16887 | Orc:2    | Bought a potion of curing for 39 gold pieces
 16887 | Orc:2    | Bought a potion of heal wounds for 65 gold pieces
 16890 | Orc:2    | Bought a potion of curing for 36 gold pieces
 16890 | Orc:2    | Bought a potion of curing for 36 gold pieces
 16890 | Orc:2    | Bought a potion of curing for 36 gold pieces
 16890 | Orc:2    | Bought a potion of magic for 96 gold pieces
 16890 | Orc:2    | Bought a potion of brilliance for 48 gold pieces
 16890 | Orc:2    | Bought a potion of heal wounds for 60 gold pieces
 16890 | Orc:2    | Bought a potion of haste for 120 gold pieces
 17124 | Elf:1    | Entered Level 1 of the Elven Halls
 17274 | Lair:1   | Entered Level 1 of the Lair of Beasts
 17358 | D:10     | Learned a level 4 spell: Sticky Flame
 18336 | Lair:2   | Found a hole to the Spider Nest.
 19156 | Lair:3   | Got a faintly glowing flail
 19237 | Lair:3   | Identified the cursed +1 flail of Fate {venom, +Blink rF- rC+++ Str+3} (You found it on level 3 of the Lair of Beasts)
 19594 | Lair:3   | Found a staircase to the Shoals.
 19599 | Lair:3   | Gained mutation: You are powered by pain. [demonic ancestry]
 19599 | Lair:3   | Reached XP level 14. HP: 110/110 MP: 18/29
 19910 | Lair:4   | Reached skill level 1 in Shields
 20389 | Lair:4   | Noticed Josephine
 20395 | Lair:4   | Killed Josephine
 21370 | Lair:5   | Found a viscous altar of Jiyva.
 21370 | Lair:5   | Found a staircase to the Slime Pits.
 21743 | Lair:6   | Entered Level 6 of the Lair of Beasts
 21743 | Lair:6   | Noticed Snorg
 21757 | Lair:5   | Reached skill level 5 in Shields
 21822 | Lair:5   | Slain by Snorg

Vault maps used:
D:1:      dpeg_arrival_stonehenge_8_columns, grunt_decor_cap, st_stairs_6,
          fountainhead, corner_web_ring, lemuel_flame_loot_1
D:2:      nicolae_overflow_hidden_temple, grunt_ministairs_15
D:3:      nicolae_overflow_crystal_walls, lemuel_doored_altar,
          grunt_temple_overflow_cloverleaf, first_ration,
          kennysheep_generic_room_7
D:4:      trog_book
D:6:      kennysheep_little_box, kennysheep_generic_room_3
D:7:      yredelemnul_altar_generic, temple_pool_b, serial_shops,
          nicolae_shop_trees, shop, shop, nicolae_shop_waterfront, shop,
          the_bakery, uniq_crazy_yiuf_cottage
D:8:      ashenzari_altar_1, uniq_psyche
D:9:      doesnt_xom_only_xom
D:10:     david_lair_shrubbed, minmay_misc_feat_rows,
          minmay_statue_crystal_thing
D:11:     kennysheep_town, serial_shops
D:12:     orc_0_dummy, serial_shops, shop
D:13:     david_vaults_1, lab_entry_generic, lightli_airlock, uniq_rupert
Temple:   jpeg_temple_island
Lair:1:   beast_lair_carwin_large_3
Lair:2:   dummy_spider_entry, st_stairs_11, infiniplex_staircase_pool,
          lemuel_fruit_tree, grunt_megastairs_1, minmay_lair_oklob_chamber
Lair:3:   minmay_shoals_entry_centaurs, serial_bayou_shore_a,
          lemuel_fruit_fields, infiniplex_staircase_pool_2
Lair:4:   uniq_josephine
Lair:5:   slime_altar_1
Lair:6:   minmay_lair_end_enchanted_forest, gammafunk_ghost_arena,
          grunt_megastairs_2, uniq_snorg
Orc:1:    minmay_goldmine, enter_bailey_3
Orc:2:    st_orc_pillars
Elf:1:    eino_elf_arrival_customs, minivault_28, minivault_15
Lab:      labyrinth_hidden_loot, nicolae_lab_blocks, nicolae_lab_quarters,
          nicolae_lab_big_swirl, nicolae_lab_garden, labyrinth_skeletal_remains
Bailey:   bailey_axe_1, bailey

Skill      XL: |  1  2  3  4  5  6  7  8  9 10 11 12 13 14 |
---------------+-------------------------------------------+-----
Dodging        | 2 3 4 5 6 7 9 10 | 10.1
Fighting       | 3 4 5 6 7 8 10 | 10.1
Armour         | 1 3 4 5 |  5.8
Spellcasting   | 4 6 7 9 11 | 11.8
Fire Magic     | 3 6 9 11 | 11.4
Poison Magic   | 1 5 |  5.9
Translocations | 2 |  2.0
Shields        | 5 |  5.1
Stealth        | |  1.7
Conjurations   | |  1.0

Action                   |  1- 3 |  4- 6 |  7- 9 | 10-12 | 13-15 || total
-------------------------+-------+-------+-------+-------+-------++-------
Melee: Dagger            |    47 |   171 |   446 |       |       ||   664
       Headbutt          |       |    27 |    81 |   158 |     9 ||   275
       Quarterstaff      |       |       |    15 |   707 |    24 ||   746
       Scimitar          |       |       |       |     3 |       ||     3
       Staff             |       |       |       |    34 |    27 ||    61
       Flail             |       |       |       |       |    17 ||    17
 Fire: Blowgun           |       |       |       |    26 |       ||    26
Throw: Tomahawk          |       |     3 |     3 |       |       ||     6
       Throwing net      |       |       |       |     1 |       ||     1
       Javelin           |       |       |       |     2 |       ||     2
 Cast: Ignite Poison     |       |       |     3 |    65 |   102 ||   170
       Apportation       |       |       |       |     4 |       ||     4
       Olgreb's Toxic Ra |       |       |       |    20 |    71 ||    91
       Dazzling Spray    |       |       |       |    12 |       ||    12
       Mephitic Cloud    |       |       |       |     5 |    20 ||    25
       Poisonous Vapours |       |       |       |     3 |       ||     3
       Fireball          |       |       |       |       |    60 ||    60
       Sticky Flame      |       |       |       |       |     5 ||     5
       Bolt of Fire      |       |       |       |       |     9 ||     9
Evoke: Wand              |       |     4 |    14 |    15 |       ||    33
  Use: Scroll            |     2 |     4 |     9 |    14 |    12 ||    41
       Potion            |       |       |     1 |     5 |       ||     6
 Stab: Sleeping          |     4 |       |       |     1 |     1 ||     6
       Distracted        |       |       |       |     1 |       ||     1
  Eat: Chunk             |       |     8 |    13 |    17 |    15 ||    53
       Ration            |       |       |     5 |     3 |     6 ||    14
Armor: Robe              |     9 |       |    48 |    93 |       ||   150
       Scale mail        |       |    81 |   136 |       |       ||   217
       Troll leather arm |       |       |       |   261 |    45 ||   306
Dodge: Dodged            |    22 |    91 |   291 |  1085 |   179 ||  1668
       Deflected         |       |       |     3 |       |       ||     3
Block: Other             |       |       |       |    63 |       ||    63
       Reflection        |       |       |       |     3 |       ||     3
       Buckler           |       |       |       |       |    16 ||    16
       Rpst.: Scimitar   |       |       |       |     1 |       ||     1

Table legend:
 A = Spawn XP
 B = Non-spawn XP
 C = Spawn XP percentage of total XP
 D = Spawn monster count
 E = Non-spawn monster count
 F = Spawn count percentage of total count
 G = Total turns spent on level
                    A         B        C        D         E        F      G
               +---------+---------+-------+---------+---------+-------+---------
         Total |       0 |   73499 |   0.0 |       0 |     604 |   0.0 | 21822
               +---------+---------+-------+---------+---------+-------+---------
           D:1 |       0 |      23 |   0.0 |       0 |      13 |   0.0 |   822
           D:2 |       0 |     125 |   0.0 |       0 |      21 |   0.0 |   715
           D:3 |       0 |      97 |   0.0 |       0 |      20 |   0.0 |  1065
           D:4 |       0 |     250 |   0.0 |       0 |      14 |   0.0 |  1015
           D:5 |       0 |     557 |   0.0 |       0 |      18 |   0.0 |  1230
           D:6 |       0 |     602 |   0.0 |       0 |      12 |   0.0 |  1109
           D:7 |       0 |    1972 |   0.0 |       0 |      31 |   0.0 |  2304
           D:8 |       0 |    2141 |   0.0 |       0 |      31 |   0.0 |  1133
           D:9 |       0 |    1746 |   0.0 |       0 |      39 |   0.0 |  1389
          D:10 |       0 |    4146 |   0.0 |       0 |      22 |   0.0 |  1246
          D:11 |       0 |    9320 |   0.0 |       0 |      76 |   0.0 |  1285
          D:12 |       0 |    1887 |   0.0 |       0 |       7 |   0.0 |   590
          D:13 |       0 |    3252 |   0.0 |       0 |      10 |   0.0 |   245
        Lair:1 |       0 |    3512 |   0.0 |       0 |      21 |   0.0 |   758
        Lair:2 |       0 |    8615 |   0.0 |       0 |      32 |   0.0 |  1056
        Lair:3 |       0 |    2103 |   0.0 |       0 |       9 |   0.0 |   751
        Lair:4 |       0 |    5725 |   0.0 |       0 |      15 |   0.0 |   991
        Lair:5 |       0 |    2903 |   0.0 |       0 |      18 |   0.0 |   923
         Orc:1 |       0 |    3668 |   0.0 |       0 |      48 |   0.0 |   940
         Orc:2 |       0 |   17762 |   0.0 |       0 |     112 |   0.0 |  1093
           Lab |       0 |    1334 |   0.0 |       0 |       3 |   0.0 |   853
        Bailey |       0 |    1759 |   0.0 |       0 |      32 |   0.0 |   213
               +---------+---------+-------+---------+---------+-------+---------
